Map: Chantier naval orbital

Players

alivegaem

  • Race: Terran Terran
  • League: Silver

AgCl - Winner!

  • Race: Protoss Protoss
  • League: Silver

VOD

Have the link to the VOD?

Description

Time

  • Played on: July 17, 2015, 6:15 p.m.
  • Length: 2:33
Show
View Real Time Build Order
Export as new Build Order

alivegaem Terran 

Build Orders: Command Center First (CC) 

Get SALT Encoding   

  12  0:01  SCV  
  13  0:13  SCV  
  14  0:25  SCV  
  15  0:33  Supply Depot  
  15  0:54  SCV  
  16  1:05  Command Center  
  16  1:07  SCV  
  17  1:14  Barracks  
  17  1:29  SCV  
  17  1:31  Refinery  
  18  1:33  Refinery  
  18  1:46  SCV  
  19  2:01  Marine  
  19  2:04  Orbital Command  
Show
View Real Time Build Order
Export as new Build Order

AgCl Protoss - Winner!

Build Orders:  

Get SALT Encoding   

  12  0:11  Pylon  
  12  0:13  Probe  
  13  0:30  Gateway  
  13  0:31  Probe  
  14  0:41  Assimilator  
  14  0:45  Probe  
  15  0:57  Probe (Chrono Boost)  
  16  1:07  Pylon  
  16  1:09  Probe (Chrono Boost)  
  17  1:16  Probe (Chrono Boost)  
  18  1:22  Zealot (Chrono Boost)  
  20  1:27  Probe (Chrono Boost)  
  21  1:34  Assimilator  
  21  1:35  Cybernetics Core  
  21  1:39  Probe (Chrono Boost)  
  23  1:48  Probe (Chrono Boost)  
  23  1:56  Probe  
  24  2:08  Probe (Chrono Boost)  
  25  2:12  Stargate  
  25  2:20  Probe (Chrono Boost)  
Tags
 
Add a new tag
Caveats
  • Supply blocks, unpowered buildings, or Contaminate may cause inaccurate times.
  • Supply counts are checked every 10 seconds.